 Dungeon Crawl Stone Soup version 0.30-a0-374-g95c0257040 (webtiles) character file.

Game seed: 10943782960627165384

76 KennySheep the Shooter (level 3, -4/27 HPs)
             Began as a Demigod Hexslinger on Nov 27, 2022.
             Slain by a goblin
             ... wielding a +0 club
             ... led by Robin
              (5 damage)
             ... on level 2 of the Dungeon.
             The game lasted 00:06:01 (1165 turns).

KennySheep the Shooter (Demigod Hexslinger)         Turns: 1165, Time: 00:06:02

Health: -4/27      AC:  2    Str: 11    XL:     3   Next: 89%
Magic:  6/6        EV: 12    Int: 15    God:
Gold:   116        SH:  0    Dex: 18    Spells: 3/4 levels left

rFire   . . .      SeeInvis .    a - +1 sling
rCold   . . .      Faith    .    (no shield)
rNeg    . . .      Spirit   .    c - +0 robe
rPois   .          Reflect  .    (no helmet)
rElec   .          Harm     .    j - scarf {repulsion}
rCorr   .          Rampage  .    (no gloves)
Will    .....                    (no boots)
Stlth   ++........               (no amulet)
HPRegen 0.24/turn                (no ring)
MPRegen 0.10/turn                (no ring)

@: repel missiles
A: high MP 1, forlorn, divine attributes
a: no special abilities


You were on level 2 of the Dungeon.
You visited 1 branch of the dungeon, and saw 2 of its levels.

You collected 116 gold pieces.

Inventory:

Hand Weapons
 a - a +1 sling (weapon)
 b - a +0 dagger of venom
Armour
 c - a +0 robe (worn)
 j - a scarf of repulsion (worn)
Scrolls
 d - a scroll of blinking {unknown}
 f - a scroll of identify
 i - a scroll of poison
Potions
 h - a potion of degeneration {unknown}
 k - a potion of mutation {unknown}


   Skills:
 - Level 0.8 Fighting
 * Level 3.4 Ranged Weapons
 - Level 1.7 Dodging
 + Level 1.9 Stealth
 - Level 1.0 Spellcasting
 - Level 2.6 Hexes


You had 3 spell levels left.
You knew the following spells:

 Your Spells              Type           Power      Damage    Failure   Level
a - Slow                  Hex            32%        N/A       9%          1

Your spell library contained the following spells:

 Spells                   Type           Power      Damage    Failure   Level
 Ensorcelled Hibernation  Hex/Ice        8%         N/A       22%         2
 Foxfire                  Conj/Fire      0%         2x1d4     24%         1
 Inner Flame              Hex/Fire       4%         N/A       38%         3
 Portal Projectile        Hex/Tloc       8%         N/A       38%         3
 Spider Form              Tmut/Pois      0%         N/A       58%         3
 Cause Fear               Hex            4%         N/A       63%         4
 Anguish                  Hex/Necr       2%         N/A       80%         4
 Fireball                 Conj/Fire      0%         3d3       100%        5
 Starburst                Conj/Fire      0%         6d3       100%        6


Dungeon Overview and Level Annotations

Branches:
Dungeon (2/15)

Annotations:
D:2 Robin


Innate Abilities, Weirdness & Mutations

You have an increased reservoir of magic. (+10% MP)
You shall have no god before yourself.
Your divine heritage dramatically boosts your attributes as you level up.


Message History

The hobgoblin is severely wounded.
The goblin unwields a +0 dagger.
The goblin wields a +0 sling.
The goblin shoots a sling bullet.
The sling bullet misses you.
You shoot a sling bullet.
The sling bullet completely misses Robin.
You shoot a sling bullet. The sling bullet hits Robin.
Robin is lightly wounded.
You shoot a sling bullet. The sling bullet hits Robin.
Robin is moderately wounded.
Robin hits you with a +2 vorpal mace.
You shoot a sling bullet. The goblin shouts!
The sling bullet hits the hobgoblin.
You kill the hobgoblin!
The goblin shoots a sling bullet.
The sling bullet barely misses you. Robin hits you with a +2 vorpal mace.
The goblin shoots a sling bullet.
The sling bullet barely misses you.
You shoot a sling bullet. The sling bullet hits Robin.
Robin is heavily wounded.
The goblin no longer looks unusually strong. x2
Robin roars a battlecry!
The goblin goes into a battle-frenzy!
The goblin shoots a sling bullet.
The sling bullet closely misses you.
You shoot a sling bullet. The sling bullet closely misses Robin.
Robin hits you with a +2 vorpal mace!
You shoot a sling bullet. The sling bullet hits Robin.
Robin is heavily wounded.
Robin roars a battlecry!
The goblin goes into a battle-frenzy!
The goblin shoots a sling bullet.
The sling bullet barely misses you. Robin throws the goblin at you!
The goblin hits you but does no damage.
The goblin shoots a sling bullet.
The sling bullet hits you.
* * * LOW HITPOINT WARNING * * *
As you read the scroll of summoning, it crumbles to dust.
Wisps of shadow whirl around you... The goblin closely misses you.
You swap places.
Your bat hits Robin.
Your bat completely misses Robin.
Robin hits you with a +2 vorpal mace.
* * * LOW HITPOINT WARNING * * *
x2 The goblin hits you with a +0 club.
You die...

##...##.#..#####.## #........
###....#.........# #........
###..#.........# #........
##...........# #........
#.....).....#######........
#)#.....##...?.#...).#..... ####
#)#.###.))##.......###.###.
#(.####.#.####.gBg.g....).##.....
#......)#.##....@b........#..#...
#.####..#....#.#..S.......รท......
...........###..................#
.#........#####............[.....
.#........................<.#.##
.####........###...)..........###
.# #.#.#)..........#.#..........
.# ##.#.#...##...#....##.....####
[###..#.#.####...###.............


You could see Robin, 2 goblins, a friendly adder (summoned), a friendly giant
cockroach (summoned) and a friendly bat (summoned).

Vanquished Creatures
  An adder (D:1)
  A worm (D:2)
  2 dart slugs (D:1)
  3 bats (D:1)
  5 endoplasms (D:1)
  A giant cockroach (D:2)
  12 goblins
  7 hobgoblins
  4 jackals (D:1)
  4 ball pythons
  5 frilled lizards
  3 kobolds
  6 rats (D:1)
54 creatures vanquished.

Notes
Turn   | Place    | Note
-------+----------+-------------------------------------------
     0 | D:1      | KennySheep the Demigod Hexslinger began the quest for the
                  | Orb.
     0 | D:1      | Reached XP level 1. HP: 15/15 MP: 4/4
    62 | D:1      | Reached skill level 2 in Ranged Weapons
   144 | D:1      | Reached XP level 2. HP: 19/22 MP: 5/5
   212 | D:1      | Reached skill level 1 in Stealth
   539 | D:1      | Reached XP level 3. HP: 25/27 MP: 6/6
   544 | D:1      | Reached skill level 3 in Ranged Weapons
   781 | D:2      | Noticed Robin
  1165 | D:2      | HP: 1/27 [Robin/+2 vorpal mace (1)]
  1165 | D:2      | Slain by a goblin

Illustrated notes

Levels and vault maps discovered:
D:1:      dpeg_arrival_round_c, layout_basic, dk_noncrumbling_2, st_stairs_13
D:2:      layout_rooms, uniq_robin

Skill      XL: |  1  2  3 |
---------------+----------+-----
Ranged Weapons | 2 3 |  3.4
Stealth        | 1 |  1.9
Fighting       | |  0.8
Dodging        | |  1.7
Spellcasting   | |  1.0
Hexes          | |  2.6

Action                   || total
-------------------------++-------
 Fire: Sling             ||   182
 Cast: Slow              ||     1
  Use: Scroll            ||     2
       Potion            ||     2
Armor: Robe              ||    19
Dodge: Dodged            ||    64

Table legend: (Time is in decaauts)
 A = Elapsed time spent in this place.
 B = Non-inter-level travel time spent in this place.
 C = Inter-level travel time spent in this place.
 D = Time resting spent in this place.
 E = Time spent auto-exploring this place.
 F = Levels seen in this place.
 G = Mean time per level.
                   A        B        C        D        E       F      G
               +--------+--------+--------+--------+--------+-----+--------+
         Total |   1194 |   1131 |     63 |     37 |    729 |   2 |  597.0 |
       Dungeon |   1194 |   1131 |     63 |     37 |    729 |   2 |  597.0 |
               +--------+--------+--------+--------+--------+-----+--------+

Top non-repeatable levels by time:
     D:1: 837 daAuts
     D:2: 356 daAuts
